 Dungeon Crawl Stone Soup version 0.29-a0-575-g0dc89cf053 (webtiles) character file.

Game seed: 13009742063712293496

141 DocClef the Covert (level 5, -2/47 HPs)
             Began as a Gnoll Delver on June 12, 2022.
             Slain by an orc
             ... wielding a +0 club
              (3 damage)
             ... on level 5 of the Dungeon.
             The game lasted 00:00:37 (173 turns).

DocClef the Covert (Gnoll Delver)                    Turns: 173, Time: 00:00:37

Health: -2/47      AC:  3    Str: 11    XL:     5   Next: 24%
Magic:  6/6        EV: 13    Int:  9    God:
Gold:   13         SH:  0    Dex: 16    Spells: 6/6 levels left

rFire   . . .      SeeInvis .   a - +0 short sword
rCold   . . .      Faith    .   (no shield)
rNeg    . . .      Spirit   .   b - +0 leather armour
rPois   .          Reflect  .   (no helmet)
rElec   .          Harm     .   (no cloak)
rCorr   .          Rampage  .   (no gloves)
Will    .....                   (no boots)
Stlth   ++++......              (no amulet)
HPRegen 0.15/turn               (no ring)
MPRegen 0.10/turn               (no ring)

@: attractive
A: fangs 1, strong nose, distributed training, low MP 1, sense surroundings 1,
devolution 1
a: no special abilities


You were on level 5 of the Dungeon.
You visited 1 branch of the dungeon, and saw 1 of its levels.

You collected 13 gold pieces.

Inventory:

Hand Weapons
 a - a +0 short sword (weapon)
Armour
 b - a +0 leather armour (worn)
Wands
 g - a wand of digging (3)
Scrolls
 c - a scroll of fog
 d - a scroll of magic mapping
 e - a scroll of fear
 h - 2 scrolls of identify {unknown}
Potions
 f - a potion of haste


   Skills:
 + Level 6.7 Fighting
 + Level 4.7 Short Blades
 + Level 1.4 Long Blades
 + Level 1.4 Axes
 + Level 1.4 Maces & Flails
 + Level 1.4 Polearms
 + Level 1.4 Staves
 + Level 1.4 Slings
 + Level 1.4 Bows
 + Level 1.4 Crossbows
 + Level 1.4 Throwing
 + Level 1.4 Armour
 + Level 4.7 Dodging
 + Level 9.7 Stealth
 + Level 1.4 Shields
 + Level 1.4 Unarmed Combat
 + Level 1.4 Spellcasting
 + Level 1.1 Conjurations
 + Level 1.1 Hexes
 + Level 1.1 Summonings
 + Level 1.1 Necromancy
 + Level 1.1 Translocations
 + Level 1.1 Transmutations
 + Level 1.1 Fire Magic
 + Level 1.1 Ice Magic
 + Level 1.1 Air Magic
 + Level 1.1 Earth Magic
 + Level 1.1 Poison Magic
 + Level 1.6 Invocations
 + Level 1.4 Evocations


You had 6 spell levels left.
You didn't know any spells.
Your spell library contained the following spells:

 Spells                   Type           Power      Damage    Failure   Level
 Gell's Gravitas          Tloc           2%         N/A       65%         3
 Teleport Other           Tloc           2%         N/A       65%         3
 Dispersal                Tloc           1%         N/A       100%        6


Dungeon Overview and Level Annotations

Branches:
Dungeon (5/15)
 Temple: D:4-7

Altars:
Nemelex Xobeh
Uskayaw
Vehumet
Yredelemnul


Innate Abilities, Weirdness & Mutations

You have very sharp teeth.
Your uncanny sense of smell can sniff out nearby items.
Your experience applies equally to all skills.
Your magical capacity is low. (-10% MP)
You passively map a small area around you.
You have hidden genetic defects.


Message History

* * * LOW HITPOINT WARNING * * *
You hit something.
It was a potion of mutation.
You feel extremely strange.
You feel a hidden malignance growing inside you.
You feel a strange attunement to the structure of the dungeons.
You feel less energetic. Something hits you but does no damage.
It was a potion of attraction.
You feel attractive to monsters. Something hits you.
* * * LOW HITPOINT WARNING * * *
You closely miss something. Your bite misses something. Something hits you.
* * * LOW HITPOINT WARNING * * *
You barely miss something.
You hear some strange, mumbled words.
A magic dart appears from out of thin air!
The magic dart hits you.
* * * LOW HITPOINT WARNING * * *
You miss something. Something hits you but does no damage.
You closely miss something. Your bite misses something.
An orc wizard appears from thin air!
Reactivating autopickup.
The orc wizard closely misses you.
You hit the orc wizard.
The orc wizard is almost dead.
The orc wizard mumbles some strange words.
The orc wizard flickers and vanishes!
Deactivating autopickup; reactivate with Ctrl-A.
You closely miss something. Your bite misses something. Something hits you.
* * * LOW HITPOINT WARNING * * *
You hit something.
Reactivating autopickup.
You feel a bit more experienced. The orc is attracted toward you.
You hit the orc.
The orc is heavily wounded.
The orc barely misses you.
You hit the orc but do no damage.
The orc is heavily wounded.
The orc hits you with a +0 club.
You die...

########## ### #...@o§..##
#.#### #..#####...#####
##....# #.##...##.##...##
#.....###.#.8.8.#.#.8.8.#
#.........#.._..#.#.._..#
#......####.8...#.#...8.#
##.....# ###...'#o#'...##
##....###.#####...#####..#
###....).o.o.....⌠.........


You could see an orc.

Vanquished Creatures
  A scorpion (D:5)
  2 hounds (D:5)
  An orc wizard (D:5)
  An orc (D:5)
5 creatures vanquished.

Notes
Turn   | Place    | Note
-------+----------+-------------------------------------------
     0 | D:5      | Reached skill level 9 in Stealth
     0 | D:5      | DocClef the Gnoll Delver began the quest for the Orb.
     0 | D:5      | Reached XP level 1. HP: 23/23 MP: 1/1
     7 | D:5      | Noticed a hound
    13 | D:5      | Killed a hound
    14 | D:5      | Reached XP level 2. HP: 29/29 MP: 2/2
    14 | D:5      | Reached XP level 3. HP: 35/35 MP: 3/3
    19 | D:5      | Found a basalt altar of Yredelemnul.
    19 | D:5      | Noticed a scorpion
    24 | D:5      | Killed a scorpion
    25 | D:5      | Reached skill level 1 in Long Blades
    25 | D:5      | Reached skill level 1 in Axes
    25 | D:5      | Reached skill level 1 in Maces & Flails
    25 | D:5      | Reached skill level 1 in Polearms
    25 | D:5      | Reached skill level 1 in Staves
    25 | D:5      | Reached skill level 1 in Slings
    25 | D:5      | Reached skill level 1 in Bows
    25 | D:5      | Reached skill level 1 in Crossbows
    25 | D:5      | Reached skill level 1 in Throwing
    25 | D:5      | Reached skill level 1 in Armour
    25 | D:5      | Reached skill level 1 in Shields
    25 | D:5      | Reached skill level 1 in Unarmed Combat
    25 | D:5      | Reached skill level 1 in Spellcasting
    25 | D:5      | Reached skill level 1 in Invocations
    25 | D:5      | Reached skill level 1 in Evocations
    25 | D:5      | Reached XP level 4. HP: 41/41 MP: 3/5
    57 | D:5      | Found a hide-covered altar of Uskayaw.
    71 | D:5      | Found a sparkling altar of Nemelex Xobeh.
    74 | D:5      | Found a radiant altar of Vehumet.
    96 | D:5      | Reached skill level 1 in Conjurations
    96 | D:5      | Reached skill level 1 in Hexes
    96 | D:5      | Reached skill level 1 in Summonings
    96 | D:5      | Reached skill level 1 in Necromancy
    96 | D:5      | Reached skill level 1 in Translocations
    96 | D:5      | Reached skill level 1 in Transmutations
    96 | D:5      | Reached skill level 1 in Fire Magic
    96 | D:5      | Reached skill level 1 in Ice Magic
    96 | D:5      | Reached skill level 1 in Air Magic
    96 | D:5      | Reached skill level 1 in Earth Magic
    96 | D:5      | Reached skill level 1 in Poison Magic
   132 | D:5      | Reached XP level 5. HP: 35/47 MP: 6/6
   163 | D:5      | Gained mutation: You have hidden genetic defects. [potion
                  | of mutation]
   163 | D:5      | Gained mutation: You passively map a small area around you.
                  | [potion of mutation]
   163 | D:5      | Gained mutation: Your magical capacity is low. (-10% MP)
                  | [potion of mutation]
   166 | D:5      | HP: 2/47 [something/magic dart (6)]
   173 | D:5      | Slain by an orc

Illustrated notes

Levels and vault maps discovered:
D:5:      layout_cave_pods, grunt_temple_overflow_cloverleaf, serial_shops,
          nicolae_stop_n_shop_2, uniq_ijyb, uniq_pikel, uniq_blork_the_orc

Skill      XL: |  1  2  3  4 |
---------------+-------------+-----
Stealth        | |  9.7
Long Blades    | 1 |  1.4
Axes           | 1 |  1.4
Maces & Flails | 1 |  1.4
Polearms       | 1 |  1.4
Staves         | 1 |  1.4
Slings         | 1 |  1.4
Bows           | 1 |  1.4
Crossbows      | 1 |  1.4
Throwing       | 1 |  1.4
Armour         | 1 |  1.4
Shields        | 1 |  1.4
Unarmed Combat | 1 |  1.4
Spellcasting   | 1 |  1.4
Invocations    | 1 |  1.6
Evocations     | 1 |  1.4
Conjurations   | 1 |  1.1
Hexes          | 1 |  1.1
Summonings     | 1 |  1.1
Necromancy     | 1 |  1.1
Translocations | 1 |  1.1
Transmutations | 1 |  1.1
Fire Magic     | 1 |  1.1
Ice Magic      | 1 |  1.1
Air Magic      | 1 |  1.1
Earth Magic    | 1 |  1.1
Poison Magic   | 1 |  1.1
Fighting       | |  6.7
Short Blades   | |  4.7
Dodging        | |  4.7

Action                   |  1- 3 |  4- 6 || total
-------------------------+-------+-------++-------
Melee: Short sword       |     2 |    22 ||    24
  Use: Potion            |       |     2 ||     2
 Stab: Sleeping          |     2 |     1 ||     3
Armor: Leather armour    |       |     4 ||     4
Dodge: Dodged            |       |     7 ||     7

Table legend: (Time is in decaauts)
 A = Elapsed time spent in this place.
 B = Non-inter-level travel time spent in this place.
 C = Inter-level travel time spent in this place.
 D = Time resting spent in this place.
 E = Time spent auto-exploring this place.
 F = Levels seen in this place.
 G = Mean time per level.
                   A        B        C        D        E       F      G
               +--------+--------+--------+--------+--------+-----+--------+
         Total |    169 |    169 |      0 |      0 |     91 |   1 |  169.0 |
       Dungeon |    169 |    169 |      0 |      0 |     91 |   1 |  169.0 |
               +--------+--------+--------+--------+--------+-----+--------+

Top non-repeatable levels by time:
     D:5: 169 daAuts
